 Dungeon Crawl Stone Soup version 0.26-a0-451-gacbe401 (webtiles) character file.

Game seed: 5033838655102723167

132645 Illumine the Fighter (level 16, -8/145 HPs)
             Began as a Minotaur Fighter on July 27, 2020.
             Was the Champion of the Shining One.
             Mangled by the 27-headed Lernaean hydra (13 damage)
             ... on level 4 of the Swamp.
             The game lasted 01:17:35 (27957 turns).

Illumine the Fighter (Minotaur Fighter)            Turns: 27957, Time: 01:17:36

Health: -8/145     AC: 20    Str: 35    XL:     16   Next: 58%
Magic:  0/22       EV: 17    Int:  3    God:    the Shining One [******]
Gold:   1071       SH: 43    Dex: 15    Spells: 15/15 levels left

rFire    + . .     SeeInvis .   a - +10 morningstar "Eos" {elec, Halo rElec}
rCold    + . .     Faith    .   l - +10 tower shield of Ignorance {rN+ Int-4}
rNeg     + + +     Spirit   +   p - +0 swamp dragon scales
rPois    +         Reflect  .   (helmet restricted)
rElec    +         Harm     .   u - +2 cloak {rC+}
rCorr    .                      z - +2 pair of gloves
MR       +....                  C - +0 pair of boots
Stlth    +.........             X - amulet of the Meadowlark {Spirit +Inv Str+4 Dex+4}
HPRegen  0.34/turn              S - ring of protection from fire
MPRegen  0.18/turn              H - +6 ring of strength

@: divine shield, about to teleport, very slightly contaminated, slowed,
glowing, very slow
A: retaliatory headbutt, horns 2
a: Divine Shield, Cleansing Flame, Summon Divine Warrior, Brand Weapon With Holy
Wrath, Renounce Religion, Evoke Invisibility


You were on level 4 of the Swamp.
You worshipped the Shining One.
The Shining One was exalted by your worship.
You visited 4 branches of the dungeon, and saw 27 of its levels.
You also visited: Sewer, Ice Cave and Volcano.

You collected 3159 gold pieces.
You spent 2088 gold pieces at shops.

Inventory:

Hand Weapons
 a - the +10 morningstar "Eos" (weapon) {elec, Halo rElec}
   (You acquired it on level 13 of the Dungeon)

   Occasionally, upon striking a foe, it will discharge some electrical energy
   and cause terrible harm.
   It insulates you from electricity.
 b - a +0 fustibalus of flaming
 L - a +1 whip of electrocution
 M - the +7 Singing Sword {vorpal, sonic wave}
   (You found it in an ice cave)

   It inflicts extra damage upon your enemies.
 Y - the +1 mace of Viny Guilt {holy, +Inv rN+++ SInv Stlth-}
   (You bought it in a shop on level 2 of the Orcish Mines)

   It has been blessed by the Shining One to cause great damage to the undead
   and demons.
   It renders you almost immune to negative energy.
   It lets you see invisible.
   It lets you turn invisible.
   It makes you less stealthy.
Missiles
 f - 197 sling bullets
 K - 7 silver javelins (quivered)
Armour
 l - the +10 tower shield of Ignorance (worn) {rN+ Int-4}
   (You found it on level 9 of the Dungeon)

   It affects your intelligence (-4).
   It protects you from negative energy.
 p - +0 swamp dragon scales (worn)
 u - a +2 cloak of cold resistance (worn)
 z - a +2 pair of gloves (worn)
 B - a +3 chain mail of cold resistance
 C - a +0 pair of boots (worn)
Jewellery
 m - an uncursed ring of protection from fire
 q - an uncursed ring of flight
 E - an uncursed ring of resist corrosion
 H - a +6 ring of strength (right hand)
 N - a +4 ring of protection
 S - a ring of protection from fire (left hand)
 X - the amulet of the Meadowlark (around neck) {Spirit +Inv Str+4 Dex+4}
   (You acquired it on level 13 of the Dungeon)

   [amulet of guardian spirit]

   It causes incoming damage to be split between your health and magic.
   It affects your strength (+4).
   It affects your dexterity (+4).
   It lets you turn invisible.
Wands
 v - a wand of iceblast (18)
 x - a wand of paralysis (19)
 A - a wand of flame (62)
 J - a wand of acid (28)
 R - a wand of digging (3)
Scrolls
 d - a scroll of enchant weapon {unknown}
 h - 4 scrolls of remove curse
 i - a scroll of holy word {unknown}
 r - 6 scrolls of teleportation
 s - 3 scrolls of fog
 y - 3 scrolls of fear
 D - a scroll of immolation
 F - 2 scrolls of vulnerability
 P - a scroll of silence
 Q - 3 scrolls of enchant armour
 V - a scroll of torment {unknown}
Potions
 c - a potion of ambrosia {unknown}
 e - a potion of cancellation {unknown}
 j - 4 potions of haste
 k - 5 potions of berserk rage
 n - 8 potions of curing
 o - 7 potions of flight
 t - 6 potions of might
 w - 4 potions of brilliance
 G - a potion of mutation {unknown}
 T - 4 potions of lignification
 U - a potion of invisibility {unknown}
 W - 2 potions of resistance
Miscellaneous
 I - a tin of tremorstones (3/3)
 O - a box of beasts


   Skills:
 + Level 13.8 Fighting
 - Level 1.7 Long Blades
   Level 1.0(9.1) Axes
 + Level 13.7 Maces & Flails
 + Level 11.6 Slings
 + Level 13.7 Armour
 - Level 11.0 Dodging
 * Level 13.8 Shields
 + Level 10.5 Invocations
 - Level 9.1 Evocations


You had 15 spell levels left.
You didn't know any spells.
Your spell library contained the following spells:

 Spells                   Type           Power        Failure   Level
 Corona                   Hex            #......      97%         1
 Sting                    Tmut/Pois      #...         97%         1
 Summon Small Mammal      Summ           #...         97%         1
 Call Imp                 Summ           #.......     99%         2
 Ensorcelled Hibernation  Hex/Ice        #.....       99%         2
 Poisonous Vapours        Pois/Air       #.....       99%         2
 Slow                     Hex            #.......     99%         2
 Call Canine Familiar     Summ           #.......     100%        3
 Confusing Touch          Hex            #.......     100%        3
 Dazzling Flash           Conj/Hex       #.....       100%        3
 Ignite Poison            Fire/Tmut/Pois #.......     100%        3
 Inner Flame              Hex/Fire       #.......     100%        3
 Mephitic Cloud           Conj/Pois/Air  #.......     100%        3
 Portal Projectile        Hex/Tloc       #.....       100%        3
 Summon Guardian Golem    Hex/Summ       #.......     100%        3
 Tukima's Dance           Hex            #.......     100%        3
 Animate Dead             Necr           #.........   100%        4
 Cause Fear               Hex            #.........   100%        4
 Leda's Liquefaction      Hex/Erth       #.........   100%        4
 Olgreb's Toxic Radiance  Pois           #.......     100%        4
 Summon Ice Beast         Ice/Summ       #.......     100%        4
 Summon Lightning Spire   Summ/Air       #.......     100%        4
 Borgnjor's Vile Clutch   Necr/Erth      #.........   100%        5
 Irradiate                Conj/Tmut      #.........   100%        5
 Death Channel            Necr           #.........   100%        6
 Hydra Form               Tmut           #.........   100%        6
 Simulacrum               Ice/Necr       #.........   100%        6
 Statue Form              Tmut/Erth      #........    100%        6
 Dragon Form              Tmut           #.........   100%        7


Dungeon Overview and Level Annotations

Branches:
Dungeon (15/15)            Temple (0/1) D:4            Lair (6/6) D:8
  Swamp (4/4) Lair:3        Snake (0/4) Lair:2        Slime (0/5) Lair:5
    Orc (2/2) D:10            Elf (0/3) Orc:2        Vaults (0/5) D:13
 Depths (0/5) D:15          Sewer (visited)           IceCv (visited)
Volcano (visited)

Altars:
Ashenzari
Cheibriados
Dithmenos
Elyvilon
Fedhas
Gozag
Makhleb
Okawaru
Ru
Trog
Uskayaw
Xom
Zin
The Shining One
Beogh
Jiyva

Shops:
D:12 ?   D:15 }   Orc:2 (=*[

Annotations:
D:9 1 runed translucent door, exclusion: 4 orange crystal statues
D:12 exclusion: obsidian statue
Swamp:4 Lernaean hydra


Innate Abilities, Weirdness & Mutations

You reflexively headbutt those who attack you in melee.
You have a pair of horns on your head.


Message History

As you read the scroll of teleportation, it crumbles to dust.
You feel strangely unstable.
You feel sick.
You are no longer poisoned.
You block the four-headed hydra's attack. x4
The bog body hits you but does no damage.
The bog body misses you.
The spriggan druid calls out to the beasts of the wild!
The 27-headed Lernaean hydra bites you.
* * * LOW HITPOINT WARNING * * *
You block the 27-headed Lernaean hydra's attack. x4
The 27-headed Lernaean hydra bites you but does no damage.
The 27-headed Lernaean hydra misses you.
The 27-headed Lernaean hydra bites you but does no damage. x3
The 27-headed Lernaean hydra closely misses you.
The 27-headed Lernaean hydra bites you.
* * * LOW HITPOINT WARNING * * *
The 27-headed Lernaean hydra closely misses you.
The 27-headed Lernaean hydra bites you but does no damage. x2
The 27-headed Lernaean hydra bites you!
You die...

.=....P.....i≈≈
..8.8P8[.≈.≈≈≈.
.8≈....≈(≈≈≈≈≈≈
...#+####i≈≈≈.♣ . #≈§.≈♣ ♣♣♣
#≈.≈♣♣♣≈≈♣♣. #..♣♣♣≈.....
#.≈D.n..≈≈≈≈ #+#+####
#≈≈D@...J≈≈. ≈...≈≈≈#
♣J...≈≈.J§.♣ ..
≈......♣♣♣♣♣♣♣♣♣♣♣♣♣♣≈≈♣♣..
..♣♣♣♣♣≈≈≈..♣♣ ♣♣♣♣♣.≈≈.≈≈.♣♣
♣♣♣♣♣♣≈...≈≈≈♣♣♣≈≈♣♣≈≈≈≈≈≈≈≈.
♣♣♣≈♣♣....≈≈≈.♣♣≈≈≈..≈≈≈..≈≈
♣≈♣♣♣.≈≈≈≈≈...≈≈≈≈..≈♣ ...
♣♣...≈≈..≈...≈♣...≈.♣♣♣≈♣
♣≈≈..≈≈.≈≈≈♣♣♣♣♣.≈.≈≈≈♣♣


You could see the 27-headed Lernaean hydra, a four-headed hydra, 3 slime
creatures, a spriggan druid and a bog body.

Vanquished Creatures
  Gastronok (Lair:2)
  Agnes (D:14)
  A thorn hunter (Swamp:3)
  Kirke (D:13)
  An orc warlord (Orc:1)
  A stone giant (Orc:1)
  A dire elephant (D:15)
  Nessos (Orc:1)
  A red draconian (Volcano)
  An ettin (Orc:2)
  Josephine (D:13)
  Fannar (Orc:1)
  Erolcha (Orc:2)
  8 two-headed ogres
  A shambling mangrove (Swamp:3)
  Erica (D:10)
  2 vault guards (D:13)
  2 centaur warriors
  14 hydras
  A ghost crab (Swamp:4)
  8 alligators
  3 tengu warriors
  Urug (Lair:6)
  An orc high priest (Orc:1)
  Sonja (Lair:2)
  An unseen horror (D:12)
  3 spriggan druids
  6 swamp dragons
  A wizard (D:13)
  3 orc knights
  2 necromancers
  15 ugly things
  5 manticores
  A wolf spider (D:15)
  6 orc sorcerers
  A deep elf mage (D:13)
  4 cyclopes
  3 elephants (Lair:3)
  2 ice statues (IceCv)
  Joseph (D:10)
  4 black mambas
  2 centaur skeletons
  21 cane toads
  2 gargoyles
  9 komodo dragons
  3 rime drakes
  A freezing wraith (D:15)
  2 yaktaurs (Volcano)
  11 ice devils (IceCv)
  3 tengu conjurers (D:13)
  6 trolls
  5 polar bears
  6 hornets
  7 tyrant leeches
  15 slime creatures
  15 blink frogs
  15 bog bodies
  7 hippogriffs
  3 dream sheep (Lair:6)
  3 water elementals (D:15)
  A vampire (D:15)
  8 wraiths
  12 yaks
  A shadow (Swamp:3)
  A wyvern (D:14)
  15 spriggans
  2 centaur simulacra
  A hog (D:12)
  22 humans
  A wyvern (shapeshifter) (D:15)
  Grum (Lair:1)
  3 basilisks
  19 vampire mosquitoes
  6 wargs
  7 swamp worms
  9 insubstantial wisps
  4 nagas (Lair:2)
  9 water moccasins
  Duvessa (D:4)
  8 porcupines
  4 ice beasts
  A hornet zombie (D:5)
  A black bear (shapeshifter) (D:15)
  3 phantoms
  7 black bears
  26 orc warriors
  5 sky beasts
  Purgy (Sewer)
  5 swamp drakes
  46 wolves
  15 ogres
  An eye of draining (D:15)
  5 boggarts (Lair:6)
  14 centaurs
  12 crocodiles
  17 bullfrogs
  2 wyvern zombies
  Dowan (D:4)
  4 scorpions
  6 killer bees (D:13)
  8 wights
  7 howler monkeys
  3 electric eels (D:15)
  2 bullfrog zombies (D:12)
  5 centaur zombies
  7 orc priests
  A gnoll shaman (D:7)
  8 hounds
  7 jellies
  3 bullfrog skeletons
  11 orc wizards
  An iguana (D:4)
  16 worker ants
  2 yak simulacra (Lair:6)
  2 polar bear simulacra (Lair:6)
  6 wolf simulacra (Lair:6)
  2 hound zombies
  2 hound skeletons
  Robin (D:3)
  10 gnolls
  14 adders
  A shadow imp (D:10)
  19 white imps
  12 ufetubi
  16 oozes (D:9)
  2 worms
  8 leopard geckos
  66 orcs
  2 ball pythons (D:3)
  9 giant cockroaches
  8 goblins
  10 hobgoblins
  14 jackals
  7 quokkas
  6 bats
  6 frilled lizards
  A jackal skeleton (D:7)
  A jackal zombie (D:7)
  4 kobolds
  9 rats
  A river rat simulacrum (Lair:6)
  A fungus (Orc:2)
878 creatures vanquished.

Vanquished Creatures (others)
  A thorn hunter (Swamp:3)
  A reaper (IceCv)
  An alligator (Swamp:2)
  A tyrant leech (Swamp:3)
  A bog body (Swamp:4)
  A human (D:14)
  A swamp drake (Swamp:3)
  A white imp (IceCv)
  3 ufetubi (IceCv)
  21 fungi
  A plant (Lair:3)
33 creatures vanquished.

Grand Total: 911 creatures vanquished

Notes
Turn   | Place    | Note
-------+----------+-------------------------------------------
     0 | D:1      | Illumine the Minotaur Fighter began the quest for the Orb.
     0 | D:1      | Reached XP level 1. HP: 19/19 MP: 0/0
   306 | D:1      | Reached XP level 2. HP: 27/27 MP: 1/1
   958 | D:2      | Reached XP level 3. HP: 33/33 MP: 2/2
  1050 | D:2      | Found a glowing golden altar of the Shining One.
  1116 | D:2      | Became a worshipper of the Shining One
  1450 | D:3      | Noticed Robin
  1493 | D:3      | Killed Robin
  1493 | D:3      | Reached XP level 4. HP: 35/40 MP: 3/3
  1676 | D:3      | Found a white marble altar of Elyvilon.
  1702 | D:3      | Reached XP level 5. HP: 8/47 MP: 4/4
  2131 | D:4      | Noticed Duvessa
  2132 | D:4      | Noticed Dowan
  2143 | D:4      | Killed Duvessa
  2143 | D:4      | Reached skill level 5 in Maces & Flails
  2153 | D:4      | Killed Dowan
  2153 | D:4      | Reached XP level 6. HP: 10/55 MP: 5/5
  2337 | D:4      | Reached skill level 5 in Fighting
  2337 | D:4      | Reached skill level 5 in Shields
  2346 | D:4      | Reached skill level 5 in Armour
  2498 | D:4      | Found a bloodstained altar of Trog.
  2544 | D:4      | Found a glowing drain.
  2571 | Sewer    | Entered a sewer
  2792 | Sewer    | Noticed Purgy
  2796 | Sewer    | Killed Purgy
  2796 | Sewer    | Reached XP level 7. HP: 57/61 MP: 6/6
  3160 | D:4      | Reached * piety under the Shining One
  3456 | D:4      | Found a staircase to the Ecumenical Temple.
  3605 | D:5      | Entered Level 5 of the Dungeon
  3848 | D:5      | Reached XP level 8. HP: 49/70 MP: 7/7
  4147 | D:5      | Found a snail-covered altar of Cheibriados.
  4405 | D:6      | Reached skill level 1 in Dodging
  4431 | D:6      | Reached skill level 1 in Slings
  4546 | D:6      | Reached ** piety under the Shining One
  5030 | D:7      | Found a hide-covered altar of Uskayaw.
  5333 | D:7      | Found a shadowy altar of Dithmenos.
  5336 | D:7      | Found a burning altar of Makhleb.
  5384 | D:7      | Reached XP level 9. HP: 63/79 MP: 8/8
  5515 | D:7      | Found a shattered altar of Ashenzari.
  5537 | D:7      | Found an iron altar of Okawaru.
  5676 | D:7      | Found a blossoming altar of Fedhas.
  5775 | D:7      | Reached skill level 1 in Invocations
  6174 | D:8      | Reached *** piety under the Shining One
  6340 | D:8      | Found a staircase to the Lair.
  6683 | D:9      | Found a runed translucent door.
  6690 | D:9      | Found the +10 tower shield of Ignorance {rN+ Int-4}
  6741 | D:9      | Noticed an orange crystal statue
  6741 | D:9      | Noticed an orange crystal statue
  6741 | D:9      | Noticed an orange crystal statue
  6741 | D:9      | Noticed an orange crystal statue
  6749 | D:9      | Found a runed translucent door.
  7141 | D:9      | Found a sacrificial altar of Ru.
  7182 | D:9      | Noticed a komodo dragon
  7195 | D:9      | Killed a komodo dragon
  7195 | D:9      | Reached XP level 10. HP: 60/88 MP: 11/11
  7327 | D:9      | Found a shimmering altar of Xom.
  7461 | D:9      | Reached skill level 1 in Evocations
  7993 | D:10     | Entered Level 10 of the Dungeon
  8286 | D:10     | Reached skill level 5 in Dodging
  8420 | D:10     | Found a staircase to the Orcish Mines.
  8501 | D:10     | Noticed Erica
  8514 | D:10     | Killed Erica
  8514 | D:10     | Reached skill level 5 in Slings
  8779 | D:10     | Noticed Joseph
  8802 | D:10     | Killed Joseph
  9368 | Lair:1   | Entered Level 1 of the Lair of Beasts
  9467 | Lair:1   | Reached **** piety under the Shining One
  9538 | Lair:1   | Reached XP level 11. HP: 95/95 MP: 13/13
  9571 | Lair:1   | Reached skill level 10 in Maces & Flails
 10157 | Lair:1   | Noticed Grum
 10170 | Lair:1   | Killed Grum
 10510 | Lair:2   | Reached skill level 5 in Invocations
 10680 | Lair:2   | Found a staircase to the Snake Pit.
 10789 | Lair:2   | Noticed Sonja
 10845 | Lair:2   | Killed Sonja
 11222 | Lair:2   | Noticed Gastronok
 11244 | Lair:2   | Killed Gastronok
 11480 | Lair:3   | Found a glowing silver altar of Zin.
 11526 | Lair:3   | Reached XP level 12. HP: 64/106 MP: 15/15
 11694 | Lair:3   | Reached skill level 10 in Armour
 11746 | Lair:3   | Noticed a seven-headed hydra
 11760 | Lair:3   | Killed a seven-headed hydra
 11760 | Lair:3   | Reached skill level 10 in Fighting
 11807 | Lair:3   | Reached skill level 10 in Shields
 11979 | Lair:3   | Found a staircase to the Swamp.
 12244 | Lair:3   | Noticed an eight-headed hydra
 12253 | Lair:3   | Killed an eight-headed hydra
 12848 | Lair:4   | Reached skill level 5 in Evocations
 13507 | Lair:5   | Found a viscous altar of Jiyva.
 13507 | Lair:5   | Found a staircase to the Slime Pits.
 14366 | Lair:6   | Entered Level 6 of the Lair of Beasts
 14373 | Lair:6   | Reached XP level 13. HP: 113/114 MP: 17/17
 14778 | Lair:6   | Reached ***** piety under the Shining One
 14848 | Lair:6   | Paralysed by a hornet for 2 turns
 15191 | Lair:6   | Noticed Urug
 15303 | Lair:6   | Killed Urug
 16119 | Orc:1    | Entered Level 1 of the Orcish Mines
 16157 | Orc:1    | Noticed a stone giant
 16172 | Orc:1    | Killed a stone giant
 16176 | Orc:1    | Noticed Fannar
 16206 | Orc:1    | Killed Fannar
 16222 | Orc:2    | Entered Level 2 of the Orcish Mines
 16226 | Orc:2    | Noticed an ettin
 16241 | Orc:2    | Killed an ettin
 16241 | Orc:2    | Noticed Nessos
 16382 | Orc:2    | Noticed an orc warlord
 16414 | Orc:1    | Killed Nessos
 16435 | Orc:1    | Reached XP level 14. HP: 57/124 MP: 6/19
 16450 | Orc:1    | Killed an orc warlord
 16560 | Orc:1    | Found a dark tunnel.
 16571 | Volcano  | Entered a volcano
 17251 | Orc:2    | Paralysed by an orc sorcerer for 2 turns
 17285 | Orc:2    | Found Vyonute's Antique Armour Emporium.
 17337 | Orc:2    | Found Xoucse's Jewellery Emporium.
 17691 | Orc:2    | Found a staircase to the Elven Halls.
 17744 | Orc:2    | Noticed Erolcha
 17756 | Orc:2    | Killed Erolcha
 17781 | Orc:2    | Found Zitz's Antique Weapon Shop.
 17794 | Orc:2    | Paralysed by an orc sorcerer for 6 turns
 17835 | Orc:2    | Paralysed by an orc sorcerer for 2 turns
 17852 | Orc:2    | Bought a masterwork mace for 216 gold pieces
 17877 | Orc:2    | Identified the +1 mace of Viny Guilt {holy, +Inv rN+++ SInv
                  | Stlth-} (You bought it in a shop on level 2 of the Orcish
                  | Mines)
 17910 | Orc:2    | Found a roughly hewn altar of Beogh.
 17947 | Orc:2    | Found Ammium Doa's General Store.
 18562 | D:11     | Reached skill level 1 in Axes
 18649 | D:11     | Found an opulent altar of Gozag.
 18913 | D:11     | Found a frozen archway.
 18928 | IceCv    | Entered an ice cave
 18956 | IceCv    | Reached ****** piety under the Shining One
 19185 | IceCv    | Killed a reaper
 19428 | IceCv    | Upgraded the game from 0.26-a0-450-ge645bd1 to
                  | 0.26-a0-451-gacbe401
 19491 | IceCv    | Found the +7 Singing Sword {vorpal, sonic wave}
 19510 | IceCv    | Got a transparent falchion
 20144 | D:12     | Reached skill level 10 in Dodging
 20438 | D:12     | Found Ulaliri's Magic Scroll Boutique.
 20446 | D:12     | Bought 2 scrolls of acquirement for 1872 gold pieces
 20891 | D:13     | Reached skill level 1 in Long Blades
 20909 | D:13     | Reached skill level 10 in Slings
 21229 | D:13     | Acquired the +10 morningstar "Eos" {elec, Halo rElec}
 21230 | D:13     | Found the +10 morningstar "Eos" {elec, Halo rElec}
 21230 | D:13     | Acquired the amulet of the Meadowlark {Spirit +Inv Str+4
                  | Dex+4}
 21890 | D:13     | Reached XP level 15. HP: 134/134 MP: 18/20
 21957 | D:13     | Found a gate to the Vaults.
 22301 | D:14     | Noticed Josephine
 22311 | D:13     | Killed Josephine
 22740 | D:14     | Noticed Agnes
 22743 | D:14     | Killed Agnes
 22744 | D:14     | Noticed Kirke
 22902 | D:14     | Noticed a sphinx
 23653 | D:13     | Killed Kirke
 23928 | D:13     | Found a gate to the Vaults.
 24882 | D:15     | Entered Level 15 of the Dungeon
 24981 | D:15     | Found a shattered altar of Ashenzari.
 25458 | D:15     | Found Umeapnigh's Gadget Shop.
 25594 | D:15     | Found a staircase to the Depths.
 25867 | Swamp:1  | Entered Level 1 of the Swamp
 25974 | Swamp:1  | Reached skill level 10 in Invocations
 26142 | Swamp:2  | Reached XP level 16. HP: 72/144 MP: 20/22
 26457 | Swamp:3  | Found a transporter.
 26475 | Swamp:3  | Noticed a thorn hunter
 26846 | Swamp:3  | Noticed a thorn hunter
 26857 | Swamp:3  | Killed a thorn hunter
 27161 | Swamp:3  | Found a transporter.
 27174 | Swamp:3  | Killed a thorn hunter
 27725 | Swamp:4  | Entered Level 4 of the Swamp
 27941 | Swamp:4  | HP: 4/145 [swamp dragon (12)]
 27947 | Swamp:4  | Noticed the 27-headed Lernaean hydra
 27957 | Swamp:4  | HP: 5/145 [the 27-headed Lernaean hydra (4)]
 27957 | Swamp:4  | Mangled by the 27-headed Lernaean hydra

Illustrated notes

Levels and vault maps discovered:
D:1:      psy_arrival_radial01, layout_basic
D:2:      minmay_spotlight, layout_loops_cross, tso_altar,
          nicolae_overflow_hidden_temple
D:3:      layout_rooms, elyvilon_altar_3, uniq_robin
D:4:      layout_basic, bloody_trog, minmay_temple_entry_enclosed_plants,
          gup_sewer_entry_glass, grunt_decor_cap,
          chequers_serial_rivers_large_a, uniq_duvessa
D:5:      minmay_inner_zag, layout_rooms, lemuel_doored_altar
D:6:      layout_basic, hangedman_decor_peaks_small
D:7:      layout_basic, eat_drink_and_be_merry_uskayaw, kennysheep_mini,
          okawaru_humans, old_standard_altar,
          chequers_temple_overflow_statue_of_worship,
          hangedman_abyss_or_decor_lesser_grid
D:8:      layout_loops_cross, lair_entry_dummy, amethyst_killhole,
          serial_park_tiny_pond
D:9:      lemuel_slime, layout_long_grid, nicolae_ru_great_annihilating_truth,
          old_standard_altar, chequers_guarded_unrand_ignorance
D:10:     layout_layer_cave, hiddenorc1_lemuel, uniq_joseph, uniq_erica
D:11:     layout_rooms, portal_ice_cave_entry_imps, nicolae_gozag_seed_capital
D:12:     layout_basic, serial_shops, shop, dk_noncrumbling_3, minivault_16
D:13:     layout_grid_maze, grunt_vaults_entry_tiered
D:14:     layout_rooms, uniq_josephine, uniq_agnes, uniq_kirke
D:15:     hangedman_depths_entry_try_elsewhere_first, layout_basic,
          evilmike_ruin_ashenzari, serial_shops, shop
Lair:1:   layout_concentric_octagons, uniq_grum
Lair:2:   layout_regular_city, minmay_snake_entry_guardpost_small,
          forest_entry_grove, grunt_megastairs_4, uniq_sonja, uniq_gastronok
Lair:3:   layout_regular_city, skrybe_swamp_entry_bodies, basic_altar
Lair:4:   layout_regular_city, grunt_megastairs_1
Lair:5:   layout_misc_corridors, slime_altar_1
Lair:6:   minmay_lair_end_enchanted_forest, layout_loops_ring,
          eino_house_with_fridge, uniq_urug
Swamp:1:  layout_falls_marsh, nicolae_swamp_dense_foliage
Swamp:2:  layout_basic_swamp, serial_swamp_ruin, evilmike_swamp_ruin_rubble_1,
          evilmike_swamp_ruin_house_4, swamp_pool2, nicolae_swamp_triple_paths
Swamp:3:  gammafunk_the_bubble [the_bubble_gammafunk_grid], layout_basic_swamp,
          hangedman_swamp_lotus
Swamp:4:  grunt_swamp_rune_castle, layout_basic_swamp
Orc:1:    lemuel_ogre_cave, layout_caves, lightli_volcano_entry_magma_tube,
          uniq_fannar
Orc:2:    grunt_orc_gardens, layout_caves, grunt_orc_garden, grunt_orc_garden,
          grunt_orc_garden, grunt_orc_garden, mines2_david, uniq_erolcha,
          uniq_nessos

Skill      XL: |  1  2  3  4  5  6  7  8  9 10 11 12 13 14 15 16 |
---------------+-------------------------------------------------+-----
Maces & Flails | 3 4 5 6 7 8 9 10 11 12 13 | 13.7
Shields        | 4 5 6 7 8 9 10 11 12 13 | 13.8
Armour         | 4 5 6 7 8 9 10 11 12 13 | 13.7
Fighting       | 4 5 6 7 8 9 10 11 12 13 | 13.8
Dodging        | 2 4 5 6 8 9 10 11 | 11.0
Slings         | 2 4 5 6 7 9 10 11 | 11.6
Invocations    | 3 4 5 6 8 9 10 | 10.5
Evocations     | 2 4 5 6 7 8 9 |  9.1
Axes           | 1 |  1.0
Long Blades    | 1 |  1.7

Action                   |  1- 3 |  4- 6 |  7- 9 | 10-12 | 13-15 | 16-18 || total
-------------------------+-------+-------+-------+-------+-------+-------++-------
Melee: Flail             |    25 |       |       |       |       |       ||    25
       Headbutt          |    16 |    14 |    61 |   131 |   345 |    53 ||   620
       Whip              |    54 |   119 |   300 |   692 |  1160 |       ||  2325
       Unarmed           |       |       |       |     2 |    13 |       ||    15
       Double sword      |       |       |       |       |   125 |    19 ||   144
       Morningstar       |       |       |       |       |   289 |   147 ||   436
 Fire: Fustibalus        |       |       |    76 |    89 |   169 |    26 ||   360
Throw: Javelin           |       |       |       |       |     2 |       ||     2
Invok: Divine Shield     |       |       |       |     3 |     6 |     2 ||    11
       Cleansing Flame   |       |       |       |       |     5 |     5 ||    10
  Use: Scroll            |     1 |       |     9 |    11 |    17 |     8 ||    46
       Potion            |       |     2 |       |       |     4 |     7 ||    13
Armor: Scale mail        |    31 |    35 |       |       |       |       ||    66
       Troll leather arm |       |       |    24 |       |       |       ||    24
       Chain mail        |       |       |    41 |   117 |   340 |    18 ||   516
       Skin              |       |       |       |     4 |       |       ||     4
       Swamp dragon scal |       |       |       |       |       |    63 ||    63
Dodge: Dodged            |    20 |    16 |    55 |    97 |   280 |   112 ||   580
Block: Kite shield       |    26 |    46 |   111 |    15 |       |       ||   198
       Tower shield      |       |       |       |   721 |  1767 |   377 ||  2865
       Rpst.: Double sword |       |       |       |       |    14 |     2 ||    16

Table legend: (Time is in decaauts)
 A = Elapsed time spent in this place.
 B = Non-inter-level travel time spent in this place.
 C = Inter-level travel time spent in this place.
 D = Time resting spent in this place.
 E = Time spent auto-exploring this place.
 F = Levels seen in this place.
 G = Mean time per level.
                   A        B        C        D        E       F      G
               +--------+--------+--------+--------+--------+-----+--------+
         Total |  27453 |  25349 |   2104 |   3818 |  14945 |  30 |  915.1 |
       Dungeon |  15633 |  14122 |   1511 |   1950 |   9169 |  15 | 1042.2 |
          Lair |   6476 |   6051 |    425 |    433 |   4072 |   6 | 1079.3 |
         Swamp |   2150 |   2086 |     64 |    850 |    603 |   4 |  537.5 |
  Orcish Mines |   1948 |   1845 |    103 |    204 |    830 |   2 |  974.0 |
         Sewer |    440 |    440 |      0 |    184 |    149 |   1 |  440.0 |
      Ice Cave |    606 |    606 |      0 |    180 |     29 |   1 |  606.0 |
       Volcano |    197 |    197 |      0 |     15 |     92 |   1 |  197.0 |
               +--------+--------+--------+--------+--------+-----+--------+

Top non-repeatable levels by time:
    D:13: 3411 daAuts
    D:10: 1483 daAuts
  Lair:6: 1396 daAuts
     D:9: 1371 daAuts
     D:4: 1178 daAuts
  Lair:2: 1145 daAuts
  Lair:1: 1071 daAuts
  Lair:3: 1071 daAuts
  Lair:4: 1070 daAuts
   Orc:1: 1069 daAuts
 Swamp:3: 1057 daAuts
    D:12: 947 daAuts
     D:8: 946 daAuts
     D:7: 896 daAuts
   Orc:2: 878 daAuts
